 Dungeon Crawl Stone Soup version 0.24-a0-480-g7da6c14 (webtiles) character file.

Game seed: 7242139166764916849

1748 Fortuna the Cudgeler (level 8, 0/74 HPs)
             Began as a Minotaur Berserker on July 8, 2019.
             Was a Priest of Trog.
             Slain by an orc warrior
             ... wielding a +0 battleaxe
              (11 damage)
             ... on level 7 of the Dungeon.
             The game lasted 00:15:25 (5969 turns).

Fortuna the Cudgeler (Minotaur Berserker)           Turns: 5969, Time: 00:15:25

Health: 0/74       AC: 13    Str: 23    XL:     8   Next: 78%
Magic:  7/7        EV:  9    Int:  4    God:    Trog [***...]
Gold:   120        SH:  0    Dex: 11    Spells: 7/7 levels left

rFire    . . .     SeeInvis .   x - +3 whip (flame)
rCold    . . .     Gourm    .   (no shield)
rNeg     . . .     Faith    .   f - +0 plate armour
rPois    .         Spirit   .   (helmet restricted)
rElec    .         Reflect  .   (no cloak)
rCorr    .         Harm     .   (no gloves)
MR       ++...                  (no boots)
Stlth    ..........             (no amulet)
HPRegen  1.22/turn              (no ring)
MPRegen  0.10/turn              (no ring)

@: regenerating
A: retaliatory headbutt, horns 2
a: Berserk, Trog's Hand, Renounce Religion


You were on level 7 of the Dungeon.
You worshipped Trog.
Trog was most pleased with you.
You were hungry.

You visited 2 branches of the dungeon, and saw 8 of its levels.

You collected 378 gold pieces.
You spent 258 gold pieces at shops.

Inventory:

Hand Weapons
 x - a +3 whip of flaming (weapon)
Armour
 f - a +0 plate armour (worn)
Wands
 m - a wand of acid (13)
 n - a wand of digging (6)
 u - a wand of disintegration (10)
 v - a wand of paralysis (4)
Scrolls
 b - 8 scrolls of teleportation
 d - a scroll of noise {unknown}
 e - a scroll of enchant weapon {unknown}
 i - 2 scrolls of fog
 k - 4 scrolls of remove curse
 l - a scroll of magic mapping
 p - 4 scrolls of blinking {unknown}
 q - a scroll of identify
 s - 2 scrolls of enchant armour
 w - a scroll of fear {unknown}
Potions
 a - 5 potions of curing
 g - a potion of flight
 h - 2 potions of haste
 j - 2 potions of heal wounds
 o - a potion of might
 r - a potion of invisibility
 t - a potion of agility
 z - a potion of mutation {unknown}
Comestibles
 c - 10 rations
 A - 15 chunks of flesh


   Skills:
 + Level 7.6 Fighting
 + Level 7.7 Maces & Flails
 + Level 7.1 Armour
 + Level 6.5 Dodging


You had 7 spell levels left.
You didn't know any spells.
Your spell library was empty.

Dungeon Overview and Level Annotations

Branches:
Dungeon (7/15)             Temple (1/1) D:4

Altars:
Ashenzari
Dithmenos
Okawaru
Trog

Shops:
D:4 =   D:5 *   D:6 ?*((


Innate Abilities, Weirdness & Mutations

You reflexively headbutt those who attack you in melee.
You have a pair of horns on your head.


Message History

The orc warrior is almost dead.
You closely miss the orc warrior.
The orc warrior is almost dead.
The orc warrior barely misses you. You furiously retaliate!
You headbutt the orc warrior, but do no damage.
You hit the orc warrior but do no damage.
The orc warrior is almost dead.
You hit the orc warrior but do no damage.
The orc warrior is almost dead.
The orc warrior hits you with a +0 battleaxe!
* * * LOW HITPOINT WARNING * * *
You closely miss the orc warrior.
The orc warrior is almost dead.
The orc warrior hits you with a +0 battleaxe!
* * * LOW HITPOINT WARNING * * *
Your skin crawls.
You feel resistant to hostile enchantments.
You are feeling hungry.
The orc warrior hits you with a +0 battleaxe!
You die...

##..#
##.###...... ##.#
#.....#....
#.#######).......
#...........#####
###.##..รท..##
...####..##
..#### ##.## ##
######..#
##.....@.####
..#...#.o.....#
........#######
........#
.......(......#
........#####.#
.......## ..#...#
# ####


You could see an orc warrior.

Vanquished Creatures
  Grinder (D:3)
  4 ice beasts
  A black bear (D:6)
  A sky beast (D:6)
  A necrophage (D:6)
  An ogre (D:6)
  A centaur (D:7)
  A bullfrog (D:5)
  A scorpion (D:6)
  A crimson imp (D:5)
  2 hounds (D:7)
  4 orc priests
  A centaur skeleton (D:5)
  An iguana (D:6)
  4 orc wizards
  2 worker ants (D:4)
  2 hound skeletons (D:5)
  A howler monkey zombie (D:3)
  A worker ant zombie (D:3)
  6 adders
  An ooze (D:1)
  3 adder skeletons
  An adder zombie (D:3)
  4 worms
  7 dart slugs
  18 orcs
  5 giant cockroaches
  6 goblins
  8 hobgoblins
  4 jackals (D:1)
  3 quokkas (D:2)
  A ball python (D:4)
  3 bats
  3 frilled lizards
  7 kobolds
  2 leopard gecko skeletons (D:3)
  A leopard gecko zombie (D:7)
  A quokka skeleton (D:3)
  A quokka zombie (D:5)
  5 rats
121 creatures vanquished.

Notes
Turn   | Place    | Note
-------+----------+-------------------------------------------
     0 | D:1      | Fortuna the Minotaur Berserker began the quest for the Orb.
     0 | D:1      | Reached XP level 1. HP: 19/19 MP: 0/0
   265 | D:1      | Reached XP level 2. HP: 23/27 MP: 1/1
   656 | D:1      | Reached XP level 3. HP: 33/33 MP: 2/2
  1677 | D:2      | Reached XP level 4. HP: 35/40 MP: 3/3
  1893 | D:3      | Reached ** piety under Trog
  2109 | D:3      | Noticed Grinder
  2109 | D:3      | Paralysed by Grinder for 6 turns
  2118 | D:3      | Paralysed by Grinder for 5 turns
  2126 | D:3      | Killed Grinder
  2126 | D:3      | Reached skill level 5 in Fighting
  2126 | D:3      | Reached skill level 5 in Maces & Flails
  2126 | D:3      | Reached XP level 5. HP: 12/48 MP: 4/4
  2126 | D:3      | Reached XP level 6. HP: 14/56 MP: 5/5
  2875 | D:4      | Found Suinna's Jewellery Boutique.
  3026 | D:4      | Found a staircase to the Ecumenical Temple.
  3062 | Temple   | Entered the Ecumenical Temple
  3352 | D:4      | Found a shadowy altar of Dithmenos.
  3472 | D:4      | Reached skill level 5 in Armour
  3472 | D:4      | Reached XP level 7. HP: 62/62 MP: 6/6
  3830 | D:5      | Entered Level 5 of the Dungeon
  3996 | D:5      | Found an iron altar of Okawaru.
  4004 | D:5      | Reached skill level 5 in Dodging
  4283 | D:5      | Found Ihyntyoq's Assorted Antiques.
  4291 | D:5      | Bought a scroll of identify for 48 gold pieces
  4291 | D:5      | Bought a scroll of identify for 48 gold pieces
  4783 | D:6      | Found Woatiut's Weapon Boutique.
  4803 | D:6      | Reached XP level 8. HP: 58/71 MP: 7/7
  5101 | D:6      | Reached *** piety under Trog
  5392 | D:6      | Found a bloodstained altar of Trog.
  5507 | D:6      | Found Lolixt's Weapon Boutique.
  5522 | D:6      | Found Morruriu's General Store.
  5592 | D:6      | Found Ablokava's Magic Scroll Shop.
  5612 | D:6      | Bought a scroll of fog for 26 gold pieces
  5612 | D:6      | Bought a scroll of enchant armour for 97 gold pieces
  5612 | D:6      | Bought a scroll of teleportation for 39 gold pieces
  5969 | D:7      | Slain by an orc warrior

Levels and vault maps discovered:
D:1:      dpeg_arrival_rhombi, layout_basic
D:2:      layout_loops_ring
D:3:      layout_basic, first_ration, serial_undead, serial_undead_c,
          serial_undead_b, serial_undead_f, serial_undead_c, serial_undead_c,
          serial_undead_f, serial_undead_f, uniq_grinder
D:4:      layout_basic, minmay_temple_entry_ruins, serial_shops, shop,
          nicolae_dithmenos_shadow_blocks
D:5:      wander_river, layout_loops_ring, serial_shops, shop,
          okawaru_metal_pillars_3
D:6:      layout_basic, marbit_many_paths, serial_shops, shop, shop_coins, shop,
          shop
D:7:      layout_rooms, the_bakery
Temple:   regret_index_temple_sigil_plot

Skill      XL: |  1  2  3  4  5  6  7  8 |
---------------+-------------------------+-----
Maces & Flails | 4 5 6 7 |  7.7
Armour         | 3 4 5 6 7 |  7.1
Fighting       | 4 5 6 7 |  7.6
Dodging        | 3 4 5 6 |  6.5

Action                   |  1- 3 |  4- 6 |  7- 9 || total
-------------------------+-------+-------+-------++-------
Melee: Mace              |    95 |    76 |       ||   171
       Headbutt          |    14 |    14 |    27 ||    55
       Flail             |       |    32 |    98 ||   130
       Whip              |       |       |    53 ||    53
Invok: Berserk           |       |     2 |     3 ||     5
       Trog's Hand       |       |       |     1 ||     1
  Use: Scroll            |       |     6 |     6 ||    12
  Eat: Chunk             |     2 |     4 |     8 ||    14
       Ration            |       |     1 |     1 ||     2
Armor: Ring mail         |    29 |    40 |     8 ||    77
       Animal skin       |     1 |       |       ||     1
       Plate armour      |       |       |    61 ||    61
Dodge: Dodged            |    56 |    84 |    54 ||   194

Table legend:
 A = Non-vault XP
 B = Vault XP
 C = Vault XP percentage of total XP
 D = Non-vault monster count
 E = Vault monster count
 F = Vault count percentage of total count
                 A         B        C        D         E       F
            +---------+---------+-------+---------+---------+-------
      Total |    2163 |     335 |  13.4 |     112 |       9 |   7.4
            +---------+---------+-------+---------+---------+-------
        D:1 |      57 |       0 |   0.0 |      24 |       0 |   0.0
        D:2 |      47 |       0 |   0.0 |      20 |       0 |   0.0
        D:3 |      45 |     335 |  88.2 |      12 |       9 |  42.9
        D:4 |     228 |       0 |   0.0 |      18 |       0 |   0.0
        D:5 |     665 |       0 |   0.0 |      14 |       0 |   0.0
        D:6 |     730 |       0 |   0.0 |       8 |       0 |   0.0
        D:7 |     356 |       0 |   0.0 |      15 |       0 |   0.0
     Temple |      35 |       0 |   0.0 |       1 |       0 |   0.0
            +---------+---------+-------+---------+---------+-------
